 Dungeon Crawl Stone Soup version 0.30-a0-760-g5a9884bb7c (webtiles) character file.

Game seed: 5408552261374600586

731 themarg the Cleaver (level 7, -1/61 HPs)
             Began as a Hill Orc Fighter on Feb 11, 2023.
             Slain by a water moccasin (3 damage)
             ... on level 6 of the Dungeon.
             The game lasted 00:09:03 (3964 turns).

themarg the Cleaver (Hill Orc Fighter)              Turns: 3964, Time: 00:09:04

Health: -1/61      AC: 12    Str: 27    XL:     7   Next: 73%
Magic:  7/7        EV:  6    Int:  8    God:
Gold:   238        SH:  5    Dex: 10    Spells: 6/6 levels left

rFire   . . .      SeeInvis .    a - +0 war axe
rCold   . . .      Faith    .    c - +0 buckler
rNeg    . . .      Spirit   .    h - +0 plate armour
rPois   .          Reflect  .    f - +0 helmet
rElec   .          Harm     .    (no cloak)
rCorr   .          Rampage  .    (no gloves)
Will    .....                    (no boots) Stlth
                                 (no amulet)
HPRegen 0.30/turn                n - +6 ring of strength
MPRegen 0.10/turn                (no ring)

@: lethally poisoned (-1 -> -5)
A: no striking features
a: no special abilities


You were on level 6 of the Dungeon.
You visited 1 branch of the dungeon, and saw 6 of its levels.

You collected 238 gold pieces.

Inventory:

Hand Weapons
 a - a +0 war axe (weapon)
Missiles
 d - a boomerang (quivered)
 k - 55 stones
 y - 6 poisoned darts
Armour
 c - a +0 buckler (worn)
 f - a +0 helmet (worn)
 h - a +0 plate armour (worn)
Jewellery
 n - a +6 ring of strength (left hand)
 r - a ring of wizardry
Wands
 x - a wand of flame (16)
 A - a wand of charming (3)
Scrolls
 e - a scroll of poison {unknown}
 g - a scroll of brand weapon {unknown}
 j - 3 scrolls of fear
 o - a scroll of blinking {unknown}
 p - 3 scrolls of magic mapping
 w - 2 scrolls of teleportation
 z - a scroll of enchant weapon {unknown}
Potions
 i - 4 potions of mutation
 l - a potion of cancellation
 q - a potion of curing
 s - 2 potions of lignification
 t - 2 potions of heal wounds
 u - a potion of invisibility {unknown}
 v - a potion of resistance {unknown}
 B - a potion of brilliance {unknown}


   Skills:
 - Level 5.0 Fighting
 * Level 9.5 Axes
 - Level 3.2 Armour
 - Level 5.0 Shields


You had 6 spell levels left.
You didn't know any spells.
Your spell library contained the following spells:

 Spells                   Type           Power      Damage    Failure   Level
 Kiss of Death            Conj/Necr      0%         2d5       100%        1
 Confusing Touch          Hex            0%         N/A       100%        3
 Hailstorm                Conj/Ice       0%         3d3       100%        3
 Dispel Undead            Necr           0%         3d6       100%        4
 Ice Form                 Ice/Tmut       0%         N/A       100%        4
 Simulacrum               Ice/Necr       0%         N/A       100%        6


Dungeon Overview and Level Annotations

Branches:
Dungeon (6/15)
 Temple: D:4-7

Altars:
Qazlal

Annotations:
D:6 Pikel


Message History

You feel sick.
The water moccasin completely misses you.
The water moccasin bites you but does no damage.
You miss the water moccasin.
The water moccasin is moderately wounded.
You feel sick.
The water moccasin bites you but does no damage.
You barely miss the water moccasin.
The water moccasin is moderately wounded.
You feel sick.
You are no longer poisoned.
The water moccasin barely misses you. x2
You barely miss the water moccasin.
The water moccasin is moderately wounded.
The water moccasin barely misses you.
You miss the water moccasin.
The water moccasin is moderately wounded.
The gnoll shouts!
You block the water moccasin's attack. The water moccasin bites you.
* * * LOW HITPOINT WARNING * * *
You closely miss the water moccasin.
The water moccasin is moderately wounded.
The water moccasin bites you!
* * * LOW HITPOINT WARNING * * *
You are lethally poisoned!
The water moccasin poisons you!
You slash the water moccasin!
The water moccasin is almost dead.
* * * LOW HITPOINT WARNING * * *
You feel very sick.
The water moccasin bites you but does no damage. x2
You miss the water moccasin.
The water moccasin is almost dead.
* * * LOW HITPOINT WARNING * * *
You feel sick. The water moccasin closely misses you.
You miss the water moccasin.
The water moccasin is almost dead.
* * * LOW HITPOINT WARNING * * *
You feel sick. The water moccasin bites you.
You die...

##########
#........#
#.######.#########
#.##.............<
#.##.###.#########
#.##.###.# #####
#@#......#
.....K#S########
#555.......
.....g#########
##..#g ... # .# .#
5#.. gg8. ... ...#
.♣. . ...###5.##..
.8


You could see a water moccasin, 2 lemures and 2 gnolls.

Vanquished Creatures
  Grinder (D:3)
  A water moccasin (D:5)
  An ogre (D:5)
  A scorpion (D:5)
  A hound (D:5)
  An orc priest (D:5)
  Ijyb (D:4)
  2 iguanas (D:4)
  An orc wizard (D:3)
  6 adders
  A white imp (D:5)
  A worm (D:3)
  2 dart slugs
  6 orcs
  7 endoplasms
  2 giant cockroaches (D:1)
  3 goblins (D:1)
  2 hobgoblins (D:4)
  8 jackals
  4 quokkas
  3 ball pythons (D:1)
  9 bats
  4 frilled lizards
  8 kobolds
  2 rats (D:1)
78 creatures vanquished.

Notes
Turn   | Place    | Note
-------+----------+-------------------------------------------
     0 | D:1      | themarg the Hill Orc Fighter began the quest for the Orb.
     0 | D:1      | Reached XP level 1. HP: 19/19 MP: 1/1
    11 | D:1      | Reached skill level 3 in Axes
    19 | D:1      | Reached XP level 2. HP: 24/27 MP: 2/2
   474 | D:1      | Reached XP level 3. HP: 33/33 MP: 3/3
   815 | D:2      | Reached skill level 4 in Axes
  1198 | D:2      | Reached XP level 4. HP: 40/40 MP: 4/4
  1388 | D:3      | Noticed Grinder
  1552 | D:3      | Paralysed by Grinder for 3 turns
  1561 | D:3      | Paralysed by Grinder for 5 turns
  1574 | D:3      | Paralysed by Grinder for 2 turns
  1581 | D:3      | Killed Grinder
  1582 | D:3      | Reached skill level 5 in Fighting
  1582 | D:3      | Reached skill level 6 in Axes
  1582 | D:3      | Reached XP level 5. HP: 22/48 MP: 5/5
  1582 | D:3      | Reached XP level 6. HP: 26/56 MP: 6/6
  2568 | D:4      | Reached skill level 7 in Axes
  2568 | D:4      | Reached skill level 5 in Shields
  2681 | D:4      | Noticed Ijyb
  2692 | D:4      | Killed Ijyb
  3025 | D:5      | Entered Level 5 of the Dungeon
  3100 | D:5      | Reached XP level 7. HP: 53/61 MP: 7/7
  3244 | D:5      | Reached skill level 8 in Axes
  3406 | D:5      | Reached skill level 9 in Axes
  3703 | D:5      | Found a stormy altar of Qazlal.
  3937 | D:6      | Noticed Pikel
  3964 | D:6      | HP: 2/61 [poisoned by a water moccasin]
  3964 | D:6      | Slain by a water moccasin

Illustrated notes

Levels and vault maps discovered:
D:1:      minmay_arrival_five_plusses, layout_basic, minmay_door_square,
          hex_medium, minmay_close_crescents
D:2:      layout_basic
D:3:      layout_loops_cross, uniq_grinder
D:4:      layout_basic, grunt_decor_mini_mirrors, bh_walls_and_bars, uniq_ijyb
D:5:      layout_cave_pools, lemuel_tele_altar
D:6:      layout_basic, lemuel_doored_altar, minmay_shop_grid_forest,
          dk_vineyard_2, st_stairs_4, kennysheep_another_room, uniq_sigmund,
          uniq_pikel

Skill      XL: |  1  2  3  4  5  6  7 |
---------------+----------------------+-----
Axes           | 3 4 6 7 9 |  9.5
Fighting       | 4 5 |  5.0
Shields        | 4 5 |  5.0
Armour         | |  3.2

Action                     |  1- 3 |  4- 6 |  7- 9 || total
---------------------------+-------+-------+-------++-------
  Melee: War axe           |   112 |   125 |    75 ||   312
  Throw: Dart              |       |       |     7 ||     7
         Boomerang         |       |       |     1 ||     1
    Use: Potion            |       |     1 |     2 ||     3
         Scroll            |       |     7 |     3 ||    10
 Armour: Scale mail        |    56 |    41 |    19 ||   116
         Plate armour      |       |       |    14 ||    14
  Dodge: Dodged            |    60 |    44 |    32 ||   136
  Block: Buckler           |    29 |    21 |    13 ||    63

Table legend: (Time is in decaauts)
 A = Elapsed time spent in this place.
 B = Non-inter-level travel time spent in this place.
 C = Inter-level travel time spent in this place.
 D = Time resting spent in this place.
 E = Time spent auto-exploring this place.
 F = Levels seen in this place.
 G = Mean time per level.
                   A        B        C        D        E       F      G
               +--------+--------+--------+--------+--------+-----+--------+
         Total |   4040 |   3832 |    208 |    236 |   2832 |   6 |  673.3 |
       Dungeon |   4040 |   3832 |    208 |    236 |   2832 |   6 |  673.3 |
               +--------+--------+--------+--------+--------+-----+--------+

Top non-repeatable levels by time:
     D:3: 849 daAuts
     D:4: 828 daAuts
     D:5: 827 daAuts
     D:1: 810 daAuts
     D:2: 648 daAuts
     D:6: 74 daAuts
